Map: Zen LE

Players

LiquidMaNa (MaNa)

  • Race: Protoss Protoss
  • League: Master
  • Spawn Location: 1:00

INnoVation - Winner!

  • Race: Terran Terran
  • Spawn Location: 7:00

Event: Shopify TSL 5

VOD

Have the link to the VOD?

Description

Time

  • Played on: May 30, 2020, 8:49 a.m.
  • Length: 17:02

All games in this series

Show
View Real Time Build Order
Export as new Build Order

LiquidMaNa Protoss 

Build Orders: Blink Stalkers 

Get SALT Encoding   

  12  0:00  Probe  
  13  0:13  Probe  
  14  0:18  Pylon  
  14  0:25  Probe  
  15  0:37  Probe  
  15  0:38  Gateway  
  16  0:47  Pylon  
  17  0:50  Probe  
  17  1:02  Probe  
  18  1:05  Gateway  
  18  1:09  Assimilator  
  18  1:14  Probe  
  19  1:25  Cybernetics Core  
  19  1:26  Probe  
  20  1:38  Probe  
  21  1:45  Assimilator  
  21  1:50  Probe  
  22  2:00  Stalker (Chrono Boost)  
  22  2:02  Probe  
  22  2:03  Shield Battery  
  24  2:14  Probe  
  27  2:16  Pylon  
  27  2:18  Stalker (Chrono Boost)  
  27  2:20  Stalker (Chrono Boost)  
  27  2:26  Probe  
  30  2:30  Warp Gate  
  30  2:41  Stalker  
  32  2:46  Probe  
  32  2:49  Stalker  
  35  2:58  Probe  
  36  3:10  Probe, Twilight Council  
  37  3:25  Probe  
  37  3:28  Robotics Facility  
  37  3:37  Probe  
  37  3:39  Pylon  
  38  3:52  Probe  
  38  3:54  Blink (Chrono Boost)  
  39  4:04  Nexus  
  39  4:07  Probe  
  40  4:15  Observer (Chrono Boost)  
  41  4:19  Probe  
  41  4:20  Stalker  
  44  4:29  Observer (Chrono Boost), Pylon  
  45  4:31  Probe  
  46  4:41  Pylon  
  46  4:44  Probe  
  47  4:57  Stalker  
  49  5:00  Probe  
  49  5:06  Stalker  
  52  5:13  Probe  
  53  5:16  Probe  
  54  5:25  Probe  
  55  5:28  Probe  
  55  5:29  Stalker  
  58  5:37  Stalker  
  58  5:38  Probe  
  58  5:40  Probe  
  62  5:46  Assimilator  
  62  5:48  Assimilator  
  62  5:50  Probe, Pylon  
  62  5:52  Probe  
  62  5:53  Observer  
  62  5:56  Stalker  
  66  6:01  Stalker  
  66  6:02  Probe  
  69  6:05  Probe  
  69  6:08  Robotics Bay  
  70  6:14  Probe  
  70  6:21  Probe  
  71  6:26  Probe  
  72  6:33  Probe  
  72  6:37  Forge  
  72  6:38  Probe  
  74  6:45  Probe  
  71  6:50  Probe, Gateway  
  71  6:51  Charge  
  71  6:52  Gateway  
  71  6:54  Colossus (Chrono Boost)  
  72  6:57  Probe  
  72  6:58  Extended Thermal Lance  
  79  7:04  Probe  
  79  7:06  Pylon  
  79  7:07  Sentry  
  82  7:09  Probe  
  82  7:11  Protoss Ground Weapons Level 1  
  83  7:20  Nexus  
  83  7:24  Pylon  
  83  7:26  Probe  
  83  7:27  Probe  
  85  7:36  Observer  
  85  7:38  Probe  
  85  7:39  Colossus (Chrono Boost)  
  92  7:44  Sentry  
  92  7:52  Probe x2  
  92  7:54  Stalker x3  
  92  8:03  Shield Battery  
  92  8:14  Zealot  
  94  8:20  Zealot x3  
  94  8:25  Probe  
  94  8:30  Pylon  
  94  8:32  Pylon x2  
  94  8:34  Pylon  
  94  8:40  Colossus (Chrono Boost)  
  90  8:46  Zealot x3  
  86  8:55  Probe x2  
  70  9:05  Nexus  
  70  9:07  Sentry, Stalker x2  
  76  9:15  Protoss Ground Armor Level 1 (Chrono Boost), Gateway  
  76  9:19  Observer  
  76  9:23  Colossus (Chrono Boost)  
  82  9:31  Observer  
  82  9:35  Stalker  
  82  9:37  Stalker  
  86  9:46  Probe x2  
  86  9:48  Forge  
  88  9:58  Probe x2  
  90  10:06  Robotics Facility  
  90  10:07  Immortal (Chrono Boost), Protoss Ground Weapons Level 2 (Chrono Boost)  
  94  10:16  Assimilator  
  94  10:17  Pylon  
  94  10:24  Robotics Facility  
  93  10:37  Immortal (Chrono Boost)  
  93  10:39  Pylon, Assimilator  
  97  10:43  Probe x3  
  100  10:51  Immortal (Chrono Boost)  
  104  10:57  Sentry x3, Stalker  
  104  10:58  Probe  
  104  11:02  Pylon  
  104  11:04  Disruptor (Chrono Boost), Pylon  
  113  11:06  Pylon  
  113  11:08  Pylon  
  116  11:12  Protoss Ground Armor Level 2 (Chrono Boost)  
  116  11:15  Disruptor (Chrono Boost)  
  122  11:29  Stalker x2  
  122  11:30  Disruptor (Chrono Boost)  
  126  11:34  Disruptor (Chrono Boost)  
  126  11:37  Nexus  
  129  11:43  Stalker x2  
  133  11:49  Photon Cannon  
  131  11:55  Zealot  
  131  11:57  Disruptor (Chrono Boost), Stalker  
  131  12:00  Pylon  
  136  12:09  Stalker x2  
  138  12:19  Disruptor (Chrono Boost)  
  138  12:20  Nexus  
  144  12:23  Pylon  
  144  12:26  Disruptor (Chrono Boost), Stalker x2  
  146  12:33  Observer (Chrono Boost)  
  146  12:34  Shield Battery  
  146  12:37  Zealot x2  
  151  12:46  Observer (Chrono Boost)  
  151  12:51  Disruptor  
  152  12:54  Observer, Stalker, Zealot  
  152  12:58  Stalker x2  
  163  13:26  Stalker x4  
  171  13:33  Nexus  
  168  13:50  Zealot x3  
  168  13:51  Zealot  
  168  13:54  Disruptor x3  
  183  14:00  Pylon  
  183  14:04  Gateway  
  183  14:05  Photon Cannon  
  175  14:24  Stalker  
  175  14:25  Stalker x3  
  183  14:34  Probe x2  
  185  14:40  Photon Cannon, Shield Battery  
  184  14:54  Stalker x4  
  184  15:08  Stalker  
  186  15:17  Dark Shrine  
  155  15:32  Stalker x4  
  155  15:33  Disruptor  
  155  15:35  Probe x2  
  150  15:38  Disruptor  
  150  15:39  Probe  
  144  15:49  Zealot  
  145  15:56  Zealot x5  
  142  16:00  Probe  
  130  16:06  Probe  
  130  16:09  Disruptor  
  130  16:10  Probe  
  130  16:13  Probe  
  130  16:14  Probe, Disruptor  
  130  16:18  Stalker x5  
  117  16:20  Pylon  
  117  16:22  Probe  
  109  16:30  Robotics Facility  
  107  16:45  Stalker x5  
Show
View Real Time Build Order
Export as new Build Order

INnoVation Terran - Winner!

Build Orders:  

Get SALT Encoding   

  12  0:01  SCV  
  13  0:13  SCV  
  14  0:17  Supply Depot  
  14  0:25  SCV  
  15  0:39  SCV, Barracks  
  16  0:44  Refinery  
  16  0:51  SCV  
  16  0:55  Refinery  
  17  1:03  SCV  
  18  1:15  SCV  
  19  1:26  Reaper  
  19  1:27  Orbital Command  
  20  1:38  Supply Depot  
  20  1:41  Factory  
  20  1:54  SCV  
  21  1:58  Reaper  
  22  2:06  SCV  
  23  2:18  SCV  
  24  2:22  Command Center  
  24  2:32  Hellion  
  24  2:35  Starport  
  26  2:37  SCV  
  26  2:44  Supply Depot  
  26  2:50  SCV  
  27  2:53  Widow Mine  
  29  2:58  Marine  
  29  3:04  SCV  
  29  3:05  Command Center  
  31  3:14  Widow Mine  
  31  3:17  Marine  
  34  3:24  SCV  
  35  3:28  Bunker  
  35  3:29  Supply Depot  
  35  3:35  Marine, Medivac  
  38  3:42  SCV  
  38  3:43  Factory Tech Lab  
  39  3:55  SCV, Engineering Bay  
  39  4:00  Barracks Reactor  
  39  4:03  Siege Tank  
  39  4:07  Starport Tech Lab  
  42  4:13  SCV  
  43  4:19  Orbital Command  
  43  4:22  Missile Turret  
  43  4:27  Raven  
  45  4:35  Marine x2  
  47  4:42  Cyclone  
  50  4:53  Marine x2  
  50  5:01  Barracks  
  50  5:02  Barracks  
  50  5:11  Marine x2  
  52  5:14  Siege Tank  
  58  5:23  Supply Depot  
  58  5:25  SCV, Terran Infantry Weapons Level 1  
  56  5:29  Marine x2  
  56  5:32  SCV  
  59  5:37  SCV, Starport Reactor, Supply Depot  
  60  5:47  Marine x2  
  63  5:50  SCV  
  63  5:53  Orbital Command  
  63  5:57  Stimpack  
  63  6:02  SCV  
  64  6:07  Marine x2, Marauder x2  
  70  6:14  SCV  
  70  6:15  Combat Shield  
  69  6:19  SCV  
  69  6:23  Refinery  
  69  6:26  SCV  
  69  6:30  Marine x2, Marauder x2  
  69  6:31  SCV  
  75  6:38  SCV  
  76  6:43  SCV  
  76  6:44  Medivac  
  76  6:45  Supply Depot x2  
  77  6:50  SCV  
  78  6:55  Supply Depot  
  78  7:06  SCV, Marine x2, Marauder  
  78  7:08  SCV, Supply Depot, Medivac  
  87  7:13  Marauder  
  88  7:16  Refinery  
  88  7:18  SCV  
  88  7:20  SCV  
  88  7:22  Terran Infantry Armor Level 1  
  90  7:24  Marine x2  
  92  7:34  Marauder  
  94  7:40  SCV x2  
  94  7:41  Marine x2, Concussive Shells, Barracks Tech Lab  
  94  7:52  SCV  
  94  7:54  SCV, Command Center  
  94  7:58  Supply Depot, Marauder  
  98  7:59  Marine x2  
  98  8:00  Medivac x2  
  98  8:04  SCV, Marauder  
  107  8:10  SCV  
  107  8:11  Supply Depot  
  108  8:16  SCV  
  108  8:19  Marine  
  107  8:20  Marine, Marauder  
  107  8:25  Marauder  
  111  8:40  Barracks, Marine x2  
  111  8:41  Barracks, Marauder  
  112  8:43  SCV x2  
  112  8:47  Marauder  
  88  8:58  Marine x2  
  88  9:01  SCV x2  
  89  9:03  Marauder  
  89  9:06  Orbital Command  
  89  9:08  Marauder  
  91  9:13  SCV x2, Armory  
  93  9:19  Marine x2  
  95  9:24  Engineering Bay  
  95  9:27  Marauder  
  95  9:30  Marauder  
  99  9:33  Barracks Reactor, Barracks Tech Lab  
  99  9:37  Viking, Ghost Academy  
  101  9:39  Viking  
  101  9:45  Marine x2  
  103  9:51  Missile Turret  
  105  9:54  SCV x3, Refinery  
  105  9:55  Refinery  
  108  10:03  Terran Infantry Armor Level 2, Terran Infantry Weapons Level 2  
  108  10:05  Marine x2  
  108  10:06  SCV  
  108  10:07  SCV x2  
  113  10:11  Ghost x3  
  113  10:14  Enhanced Shockwaves  
  118  10:18  Marine x2  
  120  10:22  Marine  
  120  10:23  Marine  
  120  10:24  Viking, Supply Depot  
  120  10:28  Viking  
  126  10:34  Supply Depot  
  126  10:35  Supply Depot  
  126  10:37  Marine x2  
  126  10:41  Ghost x2  
  132  10:45  Ghost  
  134  10:54  Command Center  
  134  11:02  Marine, Viking x2  
  134  11:03  Marine x3  
  142  11:08  Terran Ship Weapons Level 1, Supply Depot  
  145  11:18  Marauder x2  
  145  11:19  Marauder  
  145  11:22  Marine x3  
  145  11:23  Marine  
  151  11:32  Medivac x2  
  154  11:38  Barracks  
  154  11:40  Barracks  
  154  11:42  Barracks  
  154  11:46  Marauder x3  
  160  11:47  Marine x4  
  164  11:59  Supply Depot  
  165  12:01  SCV x3  
  167  12:09  Marine  
  167  12:10  Marine x3, Marauder x3  
  177  12:21  SCV x3  
  177  12:22  Supply Depot  
  180  12:29  Terran Infantry Armor Level 3, Terran Infantry Weapons Level 3  
  180  12:34  Medivac x2  
  180  12:35  Barracks Tech Lab  
  180  12:36  Barracks Reactor, Barracks Tech Lab  
  184  12:41  Planetary Fortress  
  181  12:52  Ghost x2, Marine  
  181  12:53  Marine x2  
  181  12:57  Ghost  
  190  13:05  SCV x3  
  193  13:06  Ghost x2  
  193  13:11  Medivac  
  199  13:18  Command Center  
  199  13:25  Missile Turret  
  191  13:29  Ghost  
  191  13:32  Ghost  
  194  13:34  Missile Turret  
  194  13:35  Ghost  
  194  13:36  Missile Turret  
  182  13:50  Ghost x2, Marine  
  182  13:51  Marine x5  
  192  13:58  Marine  
  192  14:02  Ghost  
  194  14:04  Marauder  
  194  14:08  Marine x2  
  194  14:09  Marine  
  199  14:23  Marauder x3  
  191  14:26  Marine x5, Marauder  
  191  14:31  Marauder, Planetary Fortress  
  199  14:33  Missile Turret  
  199  14:40  Marine  
  199  14:42  Personal Cloaking  
  200  14:47  Ghost  
  200  14:50  Ghost x2  
  200  14:51  Marine x3  
  200  14:52  Marine, Marauder  
  200  15:18  Command Center  
  200  15:19  Marauder x2  
  200  15:21  Command Center  
  200  15:22  Marine  
  172  15:36  Ghost  
  172  15:37  Ghost x2  
  172  15:38  Marine x5  
  172  15:39  Medivac x2  
  172  15:40  Marine, Marauder  
  172  15:41  Marauder  
  179  15:55  Marine x2  
  179  15:56  Marine  
  182  16:02  Marauder x2  
  172  16:06  Marauder x3  
  172  16:11  Marine x3  
  155  16:12  Medivac x2  
  155  16:13  Marine x2  
  155  16:14  Marine  
  149  16:23  Marauder x2  
  150  16:27  Marauder x2  
  150  16:28  Marauder  
  150  16:29  Marine x3  
  150  16:31  Marine x2  
  150  16:32  Marine  
Tags
 
Composition
Blink Stalkers
League
Master
Matchup
PvT
Spawn Locations
Cross Positions
Add a new tag
Caveats
  • Supply blocks, unpowered buildings, or Contaminate may cause inaccurate times.
  • Supply counts are checked every 10 seconds.